 Dungeon Crawl Stone Soup version 0.18-a0-117-g77bb7e1 (webtiles) character file.

128 ReteAZ the Insei (level 5, -6/33 HPs)
             Began as an Octopode Transmuter on Nov 18, 2015.
             Mangled by a river rat (9 damage)
             ... on level 3 of the Dungeon.
             The game lasted 00:04:21 (2896 turns).

ReteAZ the Insei (Octopode Transmuter)              Turns: 2896, Time: 00:04:21

Health: -6/33      AC:  1    Str:  9    XL:     5   Next: 12%
Magic:  8/8        EV: 13    Int: 16    God:
Gold:   131        SH:  0    Dex: 13    Spells: 2 memorised, 5 levels left

rFire  + . .     SeeInvis .       - Unarmed
rCold  x . .     Clarity  .     (no shield)
rNeg   . . .     SustAt   .     (helmet restricted)
rPois  .         Gourm    .     (no amulet)
rElec  .         Spirit   .     l - ring of fire
rCorr  .         Warding  .     (no ring)
rMut   .         Stasis   .     (no ring)
MR     .....                    (no ring)
Stlth  ++........               (no ring)
                                (no ring)
                                (no ring)
                                (no ring)

@: not resistant to hostile enchantments, unstealthy
A: almost no armour, amphibious, 8 rings, constrict 8, camouflage 1, gelatinous
body 1
a: no special abilities


You were on level 3 of the Dungeon.
You were not hungry.

You visited 1 branch of the dungeon, and saw 3 of its levels.

You collected 131 gold pieces.

Inventory:

Missiles
 a - 12 arrows
 m - 3 tomahawks (quivered)
Jewellery
 l - a ring of fire (left tentacle)
Wands
 j - a wand of flame (15)
 k - a wand of fire (9)
Scrolls
 e - a scroll of identify
 f - a scroll of remove curse {unknown}
 i - a scroll of blinking
Potions
 d - 2 potions of curing
 h - a potion of poison {unknown}
Books
 b - a book of Changes

   Spells                             Type                      Level
   a - Beastly Appendage              Transmutation                1
   b - Sticks to Snakes               Transmutation                2
   c - Spider Form                    Transmutation/Poison         3
   d - Ice Form                       Ice/Transmutation            4
   e - Blade Hands                    Transmutation                5
Comestibles
 c - 3 bread rations {@e1}
 g - 2 meat rations {@e2}
 n - a chunk of flesh {@w0}


   Skills:
 - Level 1.0 Fighting
 + Level 3.4 Dodging
 * Level 4.8 Unarmed Combat
 - Level 2.0 Spellcasting
 - Level 2.0 Transmutations


You had 5 spell levels left.
You knew the following spells:

 Your Spells              Type           Power        Failure   Level  Hunger
a - Beastly Appendage     Trmt           #.....       10%         1    #......
b - Sticks to Snakes      Trmt           #.........   14%         2    ###....


Dungeon Overview and Level Annotations

Branches:
Dungeon (3/15)

Altars:
Fedhas
Ru


Innate Abilities, Weirdness & Mutations

You cannot wear most types of armour.
You are amphibious.
You can wear up to eight rings at the same time.
You can use your tentacles to constrict eight enemies at once.
Your skin changes colour to match your surroundings (Stealth).
Your rubbery body absorbs attacks (AC +1).


Message History

You tentacle-slap the river rat, but do no damage.
You constrict the river rat. The river rat bites you.
You tentacle-slap the river rat.
You squeeze the river rat, but do no damage.
The river rat is lightly wounded.
You constrict the river rat. The river rat bites you.
You completely miss the river rat.
You squeeze the river rat, but do no damage.
The river rat is moderately wounded.
You constrict the river rat. The river rat bites you!
* * * LOW HITPOINT WARNING * * *
You barely miss the river rat.
The river rat is heavily wounded.
You constrict the river rat, but do no damage.
The river rat bites you.
* * * LOW HITPOINT WARNING * * *
You tentacle-slap the river rat.
The river rat is heavily wounded.
You constrict the river rat. The river rat bites you!
You die...

###...###.######
#..............## .
#.#..)###<###...###.
##.##.## #.##.....#..
...##.# #.##.....#.# #
####### #.##.....#>###.###
##...## ##.##....##........
#.....###.......###...(....
.......#..#####.@rr....≈≈≈.
..))!..# #.####..≈≈≈≈≈
.......# #.# ..≈≈.≈≈
#.....## #.# ..≈≈≈≈≈
##...## #.# ...≈≈≈. #####
..# ....... #..g# .##
....... #..... . .......
...... ..


You could see a river rat and a rat.

Vanquished Creatures
  A gnoll (D:3)
  4 adders
  An ooze (D:1)
  3 giant geckos
  2 orcs (D:3)
  7 bats
  4 giant cockroaches
  10 hobgoblins
  2 jackals (D:2)
  3 quokkas
  A ball python (D:3)
  9 giant newts
  8 goblins
  10 kobolds
  10 rats
75 creatures vanquished.

Notes
Turn   | Place    | Note
--------------------------------------------------------------
     0 | D:1      | ReteAZ the Octopode Transmuter began the quest for the Orb.
     0 | D:1      | Reached XP level 1. HP: 13/13 MP: 3/3
   368 | D:1      | Reached XP level 2. HP: 9/18 MP: 5/5
   372 | D:1      | Learned a level 2 spell: Sticks to Snakes
   997 | D:1      | Reached XP level 3. HP: 23/23 MP: 6/6
  1337 | D:2      | Found a blossoming altar of Fedhas.
  1685 | D:2      | Reached skill level 4 in Unarmed Combat
  1720 | D:2      | Reached XP level 4. HP: 23/28 MP: 7/7
  2156 | D:2      | Found a sacrificial altar of Ru.
  2880 | D:3      | Reached XP level 5. HP: 21/33 MP: 8/8
  2896 | D:3      | Mangled by a river rat

Vault maps used:
D:1:      grunt_arrival_lava_bath
D:2:      overflow_temple_1_default, fedhas_altar_3
D:3:      kennysheep_six_static_rooms, nicolae_qazlal_style_of_elements,
          first_bread, portal_sewer_entry_a, uniq_terence

Action                   |  1- 3 |  4- 6 || total
-------------------------+-------+-------++-------
Melee: Unarmed           |   108 |    78 ||   186
Throw: Tomahawk          |       |     3 ||     3
  Use: Scroll            |       |     3 ||     3
 Stab: Sleeping          |     4 |     3 ||     7
  Eat: Chunk             |     3 |     3 ||     6
